 Dungeon Crawl Stone Soup version 0.31-a0-841-g038b102fc3 (webtiles) character file.

Game seed: 1815912104557842444

564625 Ge0ff the Scorcher (level 26, -4/187 HPs)
             Began as an Octopode Cinder Acolyte on Sept 27, 2023.
             Was a High Priest of Ignis.
             Killed from afar by a wretched star (20 damage)
             ... with a lance of force
             ... on level 5 of the Abyss on Sept 28, 2023.
             The game lasted 03:13:43 (126487 turns).

Ge0ff the Scorcher (Octopode Cinder Acolyte)      Turns: 126487, Time: 03:13:44

Health: -4/187     AC:  5    Str: 15    XL:     26   Next: 14%
Magic:  8/53       EV: 12    Int: 31    God:    Ignis [*****.]
Gold:   1575       SH: 15    Dex:  3    Spells: 11/59 levels left

rFire   + + +        a - staff of fire
rCold   + + .        l - +5 Storm Queen's Shield {shock, Fly rElec}
rNeg    + + +        r - +0 hat of Cuix {rElec rF+ rC+ Stlth+}
rPois   +            Q - amulet "Losac" {Drain rN+ Regen+ rCorr}
rElec   +            Z - ring of magical power
rCorr   +            w - ring "Neakk" {rPois rC+}
SInv    +            t - ring of fire
Will    +++..        G - ring "Huapnom" {rN++ Int+3 SInv}
Stlth   +++          p - +4 ring of protection
HPRegen 1.31/turn    Y - +6 ring of intelligence
MPRegen 0.33/turn    x - ring "Pawext" {*Slow rC+ Will++ Str+3 Slay+2}
                     A - ring of magical power

%: random rage (9%), slow self (1%)
@: about to teleport, on blink cooldown, flying
A: almost no armour, amphibious, 8 rings, camouflage 1, gelatinous body 1,
(nimble swimmer 1), tentacles, [berserk 2], [clumsy 2], dopey 1[+1], [low MP 2],
[screaming 2], ([teleportitis 2]), [weak 2], [no potion heal 2], [subdued magic
2], [inability to drink after injury 2]
}: 4/15 runes: barnacled, slimy, abyssal, gossamer
a: Renounce Religion, Fiery Armour, Foxfire Swarm


You were on level 5 of the Abyss.
You worshipped Ignis.
Ignis was extremely pleased with you.
You visited 11 branches of the dungeon, and saw 51 of its levels.
You visited the Abyss 1 time.
You also visited: Trove, Sewer and Bailey.

You collected 7163 gold pieces.
You spent 5588 gold pieces at shops.

Inventory:

Hand Weapons
 b - the +7 demon blade of Keruexta {venom, Will+ MP+9 Str+3}
   (You took it off a hell knight on level 1 of the Depths)

   Str+3:     It affects your strength (+3).
   Will+:     It increases your willpower.
   MP+9:      It affects your magic capacity (+9).
Missiles
 c - 32 javelins
 g - 9 throwing nets {=F}
 i - 8 darts of dispersal
 v - 16 curare-tipped darts {=F}
 D - 37 silver javelins
Armour
 l - the +5 Storm Queen's Shield (worn) {shock, Fly rElec}
   (You found it on level 5 of the Lair of Beasts)

   Shock:     When it blocks an attack, it may electrocute the attacker.
   This works even against foes who are a short distance away.
   rElec:     It insulates you from electricity.
   Fly:       It grants you flight.
 r - the +0 hat of Cuix (worn) {rElec rF+ rC+ Stlth+}
   (You acquired it on level 10 of the Dungeon)

   rF+:       It protects you from fire.
   rC+:       It protects you from cold.
   rElec:     It insulates you from electricity.
   Stlth+:    It makes you more stealthy.
Magical Staves
 a - a staff of fire (weapon)
Jewellery
 h - a ring of wizardry
 p - a +4 ring of protection (on tentacle)
 t - a ring of fire (on tentacle)
 w - the ring "Neakk" (right tentacle) {rPois rC+}
   (You found it in a treasure trove)

   [ring of poison resistance]

   rC+:       It protects you from cold.
   rPois:     It protects you from poison
 x - the ring "Pawext" (on tentacle) {*Slow rC+ Will++ Str+3 Slay+2}
   (You found it in a treasure trove)

   [ring of protection from cold]

   Str+3:     It affects your strength (+3).
   Slay+2:    It affects your accuracy & damage with ranged weapons and melee
   (+2).
   rC+:       It protects you from cold.
   Will++:    It greatly increases your willpower.
   *Slow:     It may slow you when you take damage.
 A - a ring of magical power (on tentacle)
 G - the ring "Huapnom" (on tentacle) {rN++ Int+3 SInv}
   (You found it in a treasure trove)

   [ring of see invisible]

   Int+3:     It affects your intelligence (+3).
   rN++:      It greatly protects you from negative energy.
   SInv:      It lets you see invisible.
 K - the ring of the Grey Skies {rN+ EV+5 Str+2}
   (You found it in a treasure trove)

   [ring of evasion]

   EV+5:      It affects your evasion (+5).
   Str+2:     It affects your strength (+2).
   rN+:       It protects you from negative energy.
 Q - the amulet "Losac" (around mantle) {Drain rN+ Regen+ rCorr}
   (You took it off a gnoll sergeant in a bailey)

   [amulet of regeneration]

   rN+:       It protects you from negative energy.
   Regen+:    It increases your rate of health regeneration.
   rCorr:     It protects you from acid and corrosion.
   Drain:     It drains your maximum health when unequipped.
 Y - a +6 ring of intelligence (on tentacle)
 Z - a ring of magical power (left tentacle)
Wands
 d - a wand of digging (2)
 e - a wand of charming (44)
 f - a wand of flame (36)
 j - a wand of light (16)
 k - a wand of iceblast (25)
 s - a wand of mindburst (19)
 P - a wand of polymorph (59)
Scrolls
 m - 5 scrolls of revelation
 y - 5 scrolls of immolation
 B - a scroll of blinking
 C - 6 scrolls of poison
 E - 2 scrolls of fear
 F - a scroll of fog
 J - 4 scrolls of silence {!r}
 T - 17 scrolls of teleportation
 V - 6 scrolls of vulnerability
Potions
 o - 2 potions of ambrosia
 q - 17 potions of curing
 u - a potion of mutation {!q}
 z - 2 potions of brilliance
 H - 6 potions of haste {!q}
 I - 6 potions of invisibility
 L - 3 potions of lignification
 M - 8 potions of might
 N - 3 potions of cancellation {!q}
 R - 4 potions of resistance
 W - 3 potions of heal wounds {!q}
 X - 5 potions of enlightenment
Miscellaneous
 n - a phial of floods
 O - a sack of spiders
 U - a phantom mirror


   Skills:
 - Level 17.0 Fighting
 - Level 4.0 Polearms
 - Level 6.0 Throwing
 - Level 11.0 Dodging
 - Level 2.0 Stealth
 + Level 14.1 Shields
 - Level 17.0 Spellcasting
 - Level 12.0 Conjurations
 - Level 5.0 Hexes
 - Level 4.0 Summonings
 - Level 10.0 Necromancy
 - Level 7.0 Translocations
 - Level 12.0 Transmutations
 - Level 20.0 Fire Magic
 - Level 17.0 Air Magic
 - Level 10.0 Earth Magic
 + Level 8.7 Invocations
 + Level 12.3 Evocations


You had 11 spell levels left.
You knew the following spells:

 Your Spells              Type           Power      Damage    Failure   Level
a - Sublimation of Blood  Necr           53%        N/A       0%          2
d - Iskenderun's Mystic   Conj/Tloc      52%        2d11      1%          4
e - Irradiate             Conj/Tmut      29%        3d21      1%          5
h - Lee's Rapid Deconstr  Erth           26%        3d14*     1%          5
i - Ignition              Fire           59%        3d16      3%          8
m - Plasma Beam           Fire/Air       57%        2x1d73    1%          6
n - Dispel Undead         Necr           53%        3d19      1%          4
w - Passwall              Tmut/Erth      46%        N/A       0%          2
y - Yara's Violent Unrav  Hex/Tmut       24%        3d11      1%          5
B - Blink                 Tloc           86%        N/A       1%          2
E - Arcjolt               Conj/Air       32%        1d42      1%          5

Your spell library contained the following spells:

 Spells                   Type           Power      Damage    Failure   Level
 Necrotise                Necr           100%       1d9       0%          1
 Shock                    Conj/Air       100%       1d9       0%          1
 Scorch                   Fire           100%       2d9       0%          2
 Inner Flame              Hex/Fire       98%        N/A       0%          3
 Swiftness                Air            70%        N/A       0%          3
 Airstrike                Air            35%        2d(5-21)  0%          4
 Flame Wave               Conj/Fire      100%       2d21      0%          4
 Sticky Flame             Conj/Fire      100%       2d11      0%          4
 Slow                     Hex            100%       N/A       1%          1
 Sting                    Tmut/Pois      100%       1d8       1%          1
 Summon Small Mammal      Summ           100%       N/A       1%          1
 Cigotuvi's Dreadful Rot  Necr/Pois/Air  100%       N/A       1%          2
 Ensorcelled Hibernation  Hex/Ice        52%        N/A       1%          2
 Poisonous Vapours        Pois/Air       98%        N/A       1%          2
 Call Canine Familiar     Summ           31%        N/A       1%          3
 Confusing Touch          Hex            35%        N/A       1%          3
 Hailstorm                Conj/Ice       39%        3d9       1%          3
 Ignite Poison            Fire/Tmut/Pois 92%        N/A       1%          3
 Mephitic Cloud           Conj/Pois/Air  52%        N/A       1%          3
 Sigil of Binding         Hex            35%        N/A       1%          3
 Summon Guardian Golem    Hex/Summ       33%        N/A       1%          3
 Tukima's Dance           Hex            35%        N/A       1%          3
 Vampiric Draining        Necr           53%        2d9       1%          3
 Dimensional Bullseye     Hex/Tloc       19%        N/A       1%          4
 Leda's Liquefaction      Hex/Erth       22%        N/A       1%          4
 Manifold Assault         Tloc           43%        N/A       1%          4
 Passage of Golubria      Tloc           43%        N/A       1%          4
 Petrify                  Tmut/Erth      56%        N/A       1%          4
 Summon Lightning Spire   Summ/Air       54%        N/A       1%          4
 Vhi's Electric Charge    Tloc/Air       100%       N/A       1%          4
 Agony                    Necr           53%        N/A       1%          5
 Freezing Cloud           Conj/Ice/Air   26%        6-21      1%          5
 Silence                  Hex/Air        28%        N/A       1%          5
 Conjure Ball Lightning   Conj/Air       32%        3x3d10    1%          6
 Bombard                  Conj/Erth      28%        9d5       2%          6
 Death Channel            Necr           26%        N/A       4%          6
 Frozen Ramparts          Ice            32%        1d5       5%          3
 Ozocubu's Armour         Ice            16%        N/A       5%          3
 Summon Forest            Summ/Tloc      18%        N/A       5%          5
 Summon Ice Beast         Ice/Summ       24%        N/A       9%          4
 Orb of Destruction       Conj           29%        9d9       13%         7
 Olgreb's Toxic Radiance  Pois           16%        N/A       21%         4
 Metabolic Englaciation   Hex/Ice        13%        N/A       21%         5
 Eringya's Noxious Bog    Tmut/Pois      19%        4d6       28%         6
 Simulacrum               Ice/Necr       17%        N/A       41%         6
 Summon Cactus Giant      Summ           15%        N/A       56%         6
 Spellforged Servitor     Conj/Summ      23%        N/A       58%         7
 Haunt                    Necr/Summ      21%        N/A       73%         7
 Lehudib's Crystal Spear  Conj/Erth      28%        10d7      87%         8
 Borgnjor's Revivificati  Necr           26%        N/A       95%         8
 Summon Hydra             Summ           15%        N/A       99%         7
 Ozocubu's Refrigeration  Ice            8%         4d9       100%        7
 Discord                  Hex            17%        N/A       100%        8
 Disjunction              Tloc           21%        N/A       100%        8
 Death's Door             Necr           26%        N/A       100%        9
 Animate Armour           Summ/Erth      Unusable   N/A       N/A         4

Dungeon Overview and Level Annotations

Branches:
Dungeon (15/15) Zot: 23101  Temple (1/1) D:6 Zot: 5736    Lair (5/5) D:8 Zot: 10600
 Shoals (4/4) Lair:2 Zot: 15402  Spider (4/4) Lair:2 Zot: 14381   Slime (5/5) Lair:4 Zot: 24074
    Orc (2/2) D:12 Zot: 5126     Elf (3/3) Orc:2 Zot: 8613  Vaults (4/5) D:14 Zot: 21670
  Crypt (3/3) Vaults:2 Zot: 11164    Tomb (0/3) Crypt:3      Depths (4/4) D:15 Zot: 13467
    Zot (0/5) Depths:4      Sewer (visited)          Bailey (visited)

Altars:
Ashenzari
Cheibriados
Dithmenos
Elyvilon
Fedhas
Gozag
Hepliaklqana
Kikubaaqudgha
Makhleb
Nemelex Xobeh
Okawaru
Qazlal
Ru
Sif Muna
Trog
Uskayaw
Vehumet
Wu Jian
Xom
Yredelemnul
Zin
The Shining One
Jiyva

Shops:
D:1 ?   D:3 *   D:10 [:   D:13 =   Orc:2 :::[   Elf:3 *   Vaults:2 (
Depths:1 **

Portals:
Hell: Depths:1 Depths:2 Depths:3 Depths:4
Abyss: Depths:1 Depths:3
Pandemonium: Depths:2 Depths:3
Ziggurat: Depths:2

Annotations:
Vaults:5 Xtahua


Innate Abilities, Weirdness & Mutations

You cannot wear most types of armour.
You are amphibious.
You can wear up to eight rings at the same time.
Your skin changes colour to match your surroundings (Stealth+).
Your rubbery body absorbs attacks. (AC +1, EV +1)
((You are camouflaged when in or above water. (Stealth+)))
You have tentacles for arms and can constrict up to eight enemies at once.
[You have an uncontrollable temper.]
[You are very clumsy. (Dex -4)]
[You are very dopey. (Int -4)]
[Your magical capacity is very low. (-20% MP)]
[You frequently scream uncontrollably at your foes.]
[((You are often teleported next to monsters.))]
[You are very weak. (Str -4)]
[Potions cannot restore your health.]
[Your spells are easier to cast, but less powerful.]
[You sometimes lose the ability to drink potions when taking damage.]


Message History

As you read the scroll of butterflies, it crumbles to dust.
You hear the flapping of tiny wings.
The starcursed mass is knocked back by the sudden gust.
The wretched star is knocked back by the sudden gust.
The starcursed mass is knocked back by the sudden gust.
Aiming: Bolt of Light
Press: ? - help, Shift-Dir - straight line The bolt of light hits the starcursed mass!!
You destroy the starcursed mass!
A starcursed mass splits.
Something bites your butterfly.
Your butterfly dies!
Your butterfly disappears in a burst of colours!
Unknown command.
You swap places.
A tentacled starspawn comes into view.
The wretched star pulses with an eldritch light!
You feel stupid.
Your butterfly twists and deforms. x4
Something touches your butterfly!
Your butterfly dies!
Your butterfly disappears in a burst of colours!
The tentacled starspawn bites your butterfly!!
Your butterfly dies!
Your butterfly disappears in a burst of colours!
A wretched star comes into view.
The wretched star pulses with an eldritch light!
You feel weirdly uncertain.
You feel even more weirdly uncertain.
Your butterfly twists and deforms.
The wretched star glows turbulently.
The lance of force hits you!
* * * LOW HITPOINT WARNING * * *
You are knocked back by the lance of force.
You slam into the crystal wall!
* * * LOW HITPOINT WARNING * * *
Tentacles burst from the starspawn's body! 2 starspawn tentacles come into view.
The wretched star pulses with an eldritch light!
You feel the urge to shout.
You feel a strong urge to scream.
You feel less energetic. x2
Your butterfly twists and deforms.
You block the starspawn tentacle's attack.
Your shield discharges, shocking the starspawn tentacle!
You block the starspawn tentacle's attack.
Casting: Iskenderun's Mystic Blast (safe; 1% risk of failure)
Confirm with . or Enter, or press ? or * to list all spells.
You blink.
A tentacled starspawn comes into view.
The wretched star glows turbulently.
The lance of force hits you!!
You die...

#.. ..... . ..
.. .X.# .~ ..
#.##..# ~~
.#...#... ∩X.
.........
##..#.§...#..##
#...#§§..§#...#
#..§b@..§§.X..#
#..§§#X#X§..#
###§**#wX§##
##§§X§X# ###w#
###


You could see 3 starcursed masses, 2 tentacled starspawn, 2 wretched stars and a
starspawn tentacle.

Vanquished Creatures
  A dread lich (Crypt:3)
  Josephina (Crypt:1)
  Boris (twice) (Crypt:1 Crypt:2)
  A shard shrike (Slime:5)
  Bai Suzhen (Depths:2)
  Saint Roka (Orc:2)
  2 golden dragons (Depths:4)
  Nikola (Vaults:1)
  5 bone dragons
  Arachne (Spider:3)
  A tentacled monstrosity (Depths:3)
  Jorgrun (D:15)
  2 liches (Crypt:3)
  A deep elf blademaster (Elf:3)
  2 titans
  24 acid blobs
  A deep elf master archer (Elf:3)
  A quicksilver dragon (Depths:3)
  A walking frostbound tome (Depths:3)
  A kraken (Shoals:4)
  2 tentacled starspawn (Abyss:3)
  8 ancient champions
  3 tengu reavers
  4 sphinxes
  Aizul (Shoals:3)
  Kirke (Shoals:3)
  7 rockslimes
  2 storm dragons (Depths:4)
  A shadow dragon (Depths:4)
  Donald (Spider:4)
  12 azure jellies
  6 frost giants
  A daeva (Abyss:3)
  2 revenants
  9 fire giants
  8 emperor scorpions
  6 deep elf elementalists (Elf:3)
  A caustic shrike zombie (Depths:3)
  9 deep elf sorcerers (Elf:3)
  11 vault wardens
  3 ghost moths
  An iron dragon (Depths:4)
  An angel (Shoals:3)
  A juggernaut zombie (Depths:3)
  The ghost of t4s4d4r the Spry, a journeyman DrHu of Gozag (Lair:5)
  A draconian annihilator (Depths:4)
  A curse skull (Crypt:3)
  12 very ugly things
  A reaper (Depths:1)
  16 quicksilver oozes
  2 caustic shrike skeletons (Crypt:3)
  2 broodmothers
  16 formless jellyfish
  6 ironbound preservers
  4 ghouls
  A draconian stormcaller (Depths:4)
  10 stone giants
  3 orc warlords
  2 apis
  2 deep elf demonologists (Elf:3)
  5 ironbound thunderhulks
  Nessos (Lair:4)
  9 vampire knights
  4 black draconians (Depths:4)
  3 yellow draconians (Depths:4)
  9 deep elf annihilators (Elf:3)
  2 red draconians (Depths:4)
  3 white draconians (Depths:4)
  3 dire elephants
  4 purple draconians (Depths:4)
  12 spark wasps
  10 merfolk impalers
  A blizzard demon (Depths:3)
  An acid blob zombie (Crypt:1)
  3 eidola (Crypt:3)
  8 ettins
  6 deep elf death magi
  An entropy weaver (shapeshifter) (D:15)
  12 merfolk javelineers
  8 deep elf high priests
  2 yaktaur captains
  A quicksilver dragon zombie (Depths:3)
  9 jiangshi
  15 great orbs of eyes
  3 entropy weavers
  A hydra (shapeshifter) (Depths:3)
  3 sphinx zombies (Depths:3)
  9 fire dragons
  6 ice dragons
  A quicksilver dragon skeleton (Crypt:3)
  2 spriggan zombies (Depths:3)
  2 rakshasas
  A catoblepas (D:15)
  Erolcha (Orc:1)
  A spriggan air mage (Depths:2)
  4 alligator snapping turtles
  2 jorogumos
  4 hydras
  31 vault guards
  4 spriggan skeletons
  A hell beast (Depths:1)
  8 ironbound frosthearts
  3 radroaches
  22 two-headed ogres
  5 merfolk avatars
  A death knight (Crypt:1)
  3 ogre magi
  5 merfolk aquamancers (Shoals:4)
  24 centaur warriors
  24 dancing weapons
  8 boulder beetles
  10 deep troll earth magi
  3 satyrs
  11 tengu warriors
  2 titan zombies (Depths:3)
  13 vampire magi
  3 spriggan berserkers
  5 hell hogs (Depths:1)
  6 orc high priests
  9 death yaks
  A sphinx skeleton (Depths:1)
  24 deep elf knights
  5 demonic crawlers
  3 soul eaters
  2 sun demons
  2 hell knights
  Sonja (Lair:2)
  2 holy swine (Shoals:4)
  6 skysharks
  5 iron trolls
  A storm dragon zombie (Depths:3)
  2 shadow wraiths (Crypt:3)
  A spark wasp zombie (Depths:3)
  4 golden dragon zombies (Depths:3)
  12 sea snakes
  3 flayed ghosts
  2 glowing orange brains (Depths:2)
  4 cherubim (Shoals:4)
  5 pharaoh ants
  56 skeletal warriors
  A storm dragon skeleton (Crypt:3)
  32 deep trolls
  A swamp dragon (shapeshifter) (Depths:4)
  5 orb spiders
  3 bog bodies
  7 wizards
  5 steelbarb worms
  11 lindwurms
  28 deep elf zephyrmancers
  A bunyip skeleton (Crypt:3)
  16 deep elf archers
  4 starcursed masses
  21 harpies
  32 deep elf pyromancers
  6 phantasmal warriors
  13 orc knights
  16 ironbound convokers
  4 necromancers
  16 wolf spiders
  A wolf spider zombie (Crypt:3)
  A shadow dragon zombie (Depths:3)
  An oklob plant (Lair:3)
  3 fire giant zombies (Depths:3)
  5 fauns
  7 orc sorcerers
  9 shining eyes
  2 iron dragon zombies (Depths:3)
  10 manticores
  18 ugly things
  6 large abominations
  A frost giant zombie (Depths:3)
  10 cyclopes
  2 iron dragon skeletons
  3 moths of wrath
  2 goliath frog skeletons (Crypt:2)
  6 elephants (Lair:5)
  A frost giant skeleton (Crypt:2)
  Joseph (D:7)
  2 guardian serpents
  6 black mambas
  2 naga magi (Abyss:4)
  9 vault sentinels
  An orange demon (Depths:3)
  9 merfolk sirens
  4 torpor snails
  5 gargoyles (D:12)
  6 water nymphs
  5 smoke demons
  A storm dragon simulacrum (Crypt:1)
  20 cane toads
  4 eyes of devastation
  4 naga skeletons (Crypt:3)
  A green draconian zombie (Crypt:1)
  A kobold demonologist (D:12)
  2 centaur skeletons
  5 unseen horrors
  A hellion (Depths:1)
  38 yaktaurs
  4 freezing wraiths
  A rime drake (Lair:4)
  4 tengu conjurers
  An ice devil (Abyss:4)
  A sea snake skeleton (Crypt:1)
  14 komodo dragons
  4 guardian mummies (Crypt:3)
  30 merfolk
  9 trolls
  2 ancient zymes (Abyss:3)
  A meliai (Lair:2)
  2 polar bears
  2 tyrant leeches (Lair:5)
  4 wind drakes
  19 tarantellas
  2 hornets
  A wolf spider simulacrum (D:15)
  A meliai (shapeshifter) (D:15)
  A hydra skeleton (Crypt:3)
  21 blink frogs
  A fire dragon zombie (Crypt:2)
  6 snapping turtles
  3 harpy skeletons
  Grinder (D:3)
  A tarantella zombie (Crypt:2)
  An ice dragon zombie (Crypt:2)
  20 dream sheep
  137 slime creatures
  Sigmund (D:4)
  32 jumping spiders
  A culicivora (shapeshifter) (Elf:1)
  10 flying skulls
  An air elemental (Elf:1)
  An ettin skeleton (Crypt:3)
  2 vampires (D:12)
  5 water elementals
  23 culicivoras
  An ice dragon skeleton (Crypt:3)
  A shadow (D:12)
  A dire elephant simulacrum (Crypt:1)
  7 wraiths
  4 wyverns
  A wyvern (shapeshifter) (Vaults:1)
  18 humans (D:14)
  A ynoxinul (Abyss:3)
  5 hogs (Shoals:3)
  2 basilisks
  2 black mamba skeletons (Crypt:3)
  38 yaks
  16 vampire mosquitoes
  7 golden eyes
  3 fire elementals
  A chaos spawn (Depths:3)
  3 steam dragons
  34 redbacks
  7 wargs
  2 neqoxecs (Abyss:3)
  A small abomination (Abyss:4)
  2 human zombies
  2 harpy simulacra (Crypt:1)
  2 nagas (Abyss:4)
  An acid dragon (D:10)
  3 glowing shapeshifter zombies
  17 water moccasins
  Duvessa (D:4)
  A deep troll skeleton (Crypt:2)
  3 black bears
  A water nymph skeleton (Crypt:1)
  66 orc warriors
  2 ice beasts
  An ettin simulacrum (Crypt:1)
  17 ogres
  5 boggarts (D:14)
  4 centaurs
  A lindwurm skeleton (Crypt:1)
  32 wolves
  A phantom (D:4)
  A blink frog skeleton (Crypt:3)
  2 kobold brigands (D:8)
  14 bullfrogs
  2 earth elementals (Elf:2)
  An elf skeleton (Crypt:2)
  11 gnoll sergeants
  3 scorpions
  A naga simulacrum (Crypt:2)
  A salamander skeleton (Crypt:3)
  A necrophage (Crypt:1)
  A wyvern skeleton (Crypt:3)
  A tengu simulacrum (Depths:1)
  Dowan (D:4)
  A wight (D:10)
  A warg zombie (Crypt:1)
  14 killer bees
  3 howler monkeys (D:9)
  6 electric eels
  7 jellies (Slime:2)
  6 hounds
  46 orc priests
  A bullfrog skeleton (Crypt:1)
  2 iguanas
  6 gnoll boudas
  A sleepcap (D:7)
  25 orc wizards
  14 hell rats
  A tengu zombie (Crypt:2)
  10 adders
  28 gnolls
  4 river rats
  A steam dragon skeleton (Crypt:1)
  A white imp (D:8)
  5 ufetubi
  An iguana zombie (Crypt:3)
  4 worms
  2 dart slugs
  128 orcs
  11 bats
  8 endoplasms
  An endoplasm (shapeshifter) (Depths:4)
  2 giant cockroaches
  15 goblins
  10 hobgoblins
  8 jackals
  4 quokkas
  9 ball pythons
  A dart slug zombie (Crypt:2)
  An endoplasm zombie (Crypt:1)
  2 frilled lizards
  9 kobolds
  19 rats
  2 starspawn tentacles (Abyss:3)
2330 creatures vanquished.

Vanquished Creatures (collateral kills)
  A centaur warrior (Vaults:1)
  An ironbound convoker (Vaults:1)
2 creatures vanquished.

Vanquished Creatures (others)
  A dancing weapon (Elf:2)
  A cyclops (D:11)
  6 yaks (D:11)
  4 vampire mosquitoes
  38 foxfires
  2 starspawn tentacles (Abyss:3)
  12 tentacles (Shoals:4)
64 creatures vanquished.

Grand Total: 2396 creatures vanquished

Notes
Turn   | Place    | Note
-------+----------+-------------------------------------------
     0 | D:1      | Ge0ff the Octopode Cinder Acolyte began the quest for the
                  | Orb.
     0 | D:1      | Reached XP level 1. HP: 16/16 MP: 2/2
   167 | D:1      | Reached skill level 1 in Stealth
   268 | D:1      | Reached XP level 2. HP: 16/21 MP: 3/3
   605 | D:1      | Found Pohuene's Magic Scroll Emporium.
   652 | D:1      | Got an odd book
  1016 | D:1      | Reached XP level 3. HP: 26/26 MP: 5/5
  1019 | D:1      | Learned a level 2 spell: Scorch
  1069 | D:1      | Bought a scroll of identify for 28 gold pieces
  1480 | D:2      | Reached XP level 4. HP: 26/31 MP: 1/6
  1851 | D:2      | Learned a level 3 spell: Summon Guardian Golem
  2189 | D:1      | Bought a scroll of teleportation for 42 gold pieces
  2277 | D:3      | Found a glowing drain.
  2517 | D:3      | Reached XP level 5. HP: 24/36 MP: 1/8
  2521 | D:3      | Reached skill level 1 in Summonings
  2579 | Sewer    | Entered a sewer
  2675 | Sewer    | Reached skill level 1 in Hexes
  3343 | D:3      | Found an opulent altar of Gozag.
  3343 | D:3      | Found Gozag's Platinum Reserve.
  3407 | D:3      | Noticed Grinder
  3464 | D:3      | Paralysed by Grinder for 5 turns
  3471 | D:3      | Killed Grinder
  3472 | D:3      | Reached skill level 4 in Fire Magic
  3472 | D:3      | Reached XP level 6. HP: 21/42 MP: 1/10
  3591 | D:3      | Found a faded altar of an unknown god.
  3613 | D:3      | Learned a level 5 spell: Irradiate
  3945 | D:3      | Found an opulent altar of Gozag.
  3948 | D:3      | Found Gozag's Platinum Reserve.
  4042 | D:3      | Found a faded altar of an unknown god.
  5338 | D:3      | Reached XP level 7. HP: 13/46 MP: 0/11
  5671 | D:4      | Noticed Sigmund
  5674 | D:4      | Reached skill level 1 in Conjurations
  5674 | D:4      | Reached skill level 1 in Transmutations
  6092 | D:4      | Killed Sigmund
  6093 | D:4      | Noticed Duvessa
  6101 | D:5      | Entered Level 5 of the Dungeon
  6222 | D:5      | Reached XP level 8. HP: 31/52 MP: 3/12
  7105 | D:4      | Noticed Dowan
  7110 | D:4      | Killed Duvessa
  7116 | D:4      | Killed Dowan
  8736 | D:5      | Reached skill level 5 in Fire Magic
  8851 | D:5      | Reached skill level 1 in Evocations
  9210 | D:6      | Learned a level 4 spell: Sticky Flame
  9716 | D:6      | Found a staircase to the Ecumenical Temple.
  9933 | D:6      | Reached XP level 9. HP: 47/56 MP: 9/14
  9935 | Temple   | Entered the Ecumenical Temple
 10881 | D:6      | Found a staircase to the Ecumenical Temple.
 12315 | D:7      | Noticed Joseph
 12522 | D:7      | Reached skill level 5 in Transmutations
 12604 | D:7      | Reached skill level 5 in Conjurations
 13849 | D:8      | Noticed a two-headed ogre
 14044 | D:8      | Reached skill level 6 in Fire Magic
 14146 | D:8      | Found a staircase to the Lair.
 14160 | D:8      | Reached XP level 10. HP: 40/63 MP: 8/17
 14336 | D:8      | Reached skill level 5 in Spellcasting
 15104 | D:8      | Killed a two-headed ogre
 15678 | D:9      | Found a flagged portal.
 15743 | Bailey   | Entered a bailey
 16264 | Bailey   | Learned a level 3 spell: Inner Flame
 16589 | Bailey   | Identified the amulet "Losac" {Drain rN+ Regen+ rCorr}
 17408 | Bailey   | Reached skill level 7 in Fire Magic
 17849 | D:9      | Reached XP level 11. HP: 34/67 MP: 10/19
 18363 | D:9      | Found a basalt altar of Yredelemnul.
 18365 | D:9      | Found a glowing silver altar of Zin.
 18674 | D:9      | Found a sparkling altar of Nemelex Xobeh.
 19140 | D:7      | Killed Joseph
 19450 | D:8      | Found a staircase to the Lair.
 19945 | D:10     | Entered Level 10 of the Dungeon
 20301 | D:10     | Found Nojal's Book Shop.
 20309 | D:10     | Noticed a two-headed ogre
 20549 | D:10     | Learned a level 5 spell: Arcjolt
 20677 | D:10     | Identified a scroll of acquirement
 20677 | D:10     | Acquired the +0 hat of Cuix {rElec rF+ rC+ Stlth+}
 20707 | D:10     | Killed a two-headed ogre
 20708 | D:10     | Reached skill level 1 in Air Magic
 20841 | D:10     | Found Etirar's Armour Shoppe.
 21331 | D:10     | Found Nojal's Book Shop.
 21466 | D:10     | Found Etirar's Armour Shoppe.
 21956 | D:1      | Bought 3 scrolls of identify for 84 gold pieces
 21956 | D:1      | Bought a scroll of butterflies for 56 gold pieces
 21956 | D:1      | Bought a scroll of immolation for 56 gold pieces
 22607 | D:11     | Noticed a cyclops
 22623 | D:11     | Killed a cyclops
 22826 | D:11     | Noticed a two-headed ogre
 22840 | D:11     | Killed a two-headed ogre
 22888 | D:11     | Noticed a cyclops
 23131 | D:11     | Killed a cyclops
 23132 | D:11     | Reached XP level 12. HP: 72/72 MP: 9/22
 23834 | Lair:1   | Entered Level 1 of the Lair of Beasts
 23844 | Lair:1   | Reached skill level 5 in Air Magic
 24018 | Lair:1   | Noticed a boulder beetle
 24264 | Lair:1   | Killed a boulder beetle
 24599 | Lair:1   | Reached skill level 10 in Conjurations
 24599 | Lair:1   | Reached skill level 10 in Transmutations
 26648 | Lair:1   | Reached skill level 1 in Shields
 28485 | Lair:2   | Reached XP level 13. HP: 58/79 MP: 1/24
 28965 | Lair:3   | Reached skill level 8 in Fire Magic
 29154 | Lair:3   | Learned a level 6 spell: Plasma Beam
 29501 | Lair:2   | Reached skill level 1 in Dodging
 31280 | Lair:2   | Found a hole to the Spider Nest.
 31283 | Lair:2   | Found a staircase to the Shoals.
 31300 | Lair:2   | Noticed Sonja
 31301 | Lair:2   | Killed Sonja
 31972 | Lair:2   | Found a hole to the Spider Nest.
 31988 | Lair:2   | Found a staircase to the Shoals.
 32517 | Lair:3   | Reached skill level 5 in Fighting
 32648 | Lair:3   | Reached skill level 9 in Fire Magic
 34713 | Lair:4   | Found a viscous altar of Jiyva.
 34714 | Lair:4   | Found a staircase to the Slime Pits.
 34787 | Lair:4   | Noticed Nessos
 34788 | Lair:4   | Killed Nessos
 34789 | Lair:4   | Reached XP level 14. HP: 88/88 MP: 19/26
 35964 | Lair:4   | Learned a level 2 spell: Sublimation of Blood
 36392 | Lair:5   | Entered Level 5 of the Lair of Beasts
 36399 | Lair:5   | Reached skill level 1 in Necromancy
 37465 | Lair:4   | Reached skill level 5 in Shields
 40360 | Lair:5   | Reached skill level 10 in Fire Magic
 42130 | Lair:5   | Found a runed translucent door.
 42131 | Lair:5   | Noticed t4s4d4r's ghost (journeyman DrHu)
 42237 | Lair:5   | Found the +5 Storm Queen's Shield {shock, Fly rElec}
 44096 | D:12     | Found a staircase to the Orcish Mines.
 44206 | D:12     | Reached skill level 5 in Dodging
 44732 | D:12     | Reached skill level 10 in Air Magic
 44826 | D:12     | Reached XP level 15. HP: 95/95 MP: 3/28
 44947 | D:12     | Reached skill level 5 in Evocations
 46637 | D:12     | Identified the +5 war axe of Actus Reus {elec, Will+ Int+3
                  | SInv}
 47095 | D:12     | Found a staircase to the Orcish Mines.
 47824 | Orc:1    | Entered Level 1 of the Orcish Mines
 47824 | Orc:1    | Noticed an orc warlord
 47828 | Orc:1    | Noticed Erolcha
 47829 | Orc:1    | Killed an orc warlord
 47946 | Orc:1    | Killed Erolcha
 48869 | Orc:2    | Entered Level 2 of the Orcish Mines
 50921 | Orc:2    | Found Odaroh's Book Emporium.
 50932 | Orc:2    | Found Xixkic's Book Shoppe.
 51163 | Orc:2    | Reached skill level 5 in Necromancy
 51246 | Orc:2    | Identified the +10 lajatang "Vaeve" {vamp, Fly rCorr Str-3
                  | Dex+2}
 51404 | Orc:2    | Noticed an orc warlord
 51407 | Orc:2    | Killed an orc warlord
 52306 | Orc:2    | Found a staircase to the Elven Halls.
 52837 | Orc:2    | Reached skill level 11 in Fire Magic
 53173 | Orc:2    | Noticed Saint Roka
 53176 | Orc:2    | Killed Saint Roka
 53579 | Orc:2    | Found Nuic's Book Emporium.
 54305 | Orc:2    | Reached XP level 16. HP: 103/103 MP: 10/29
 54483 | Orc:2    | Found Emegurur's Antique Armour Shoppe.
 54515 | Orc:2    | Reached skill level 10 in Spellcasting
 54695 | Orc:2    | Bought a manual of Spellcasting for 1280 gold pieces
 55670 | D:13     | Found a hide-covered altar of Uskayaw.
 55964 | D:13     | Found Qoytezubi's Jewellery Shop.
 55973 | D:13     | Bought a ring of poison resistance for 240 gold pieces
 55973 | D:13     | Bought a ring of magical power for 240 gold pieces
 56497 | D:13     | Found a hide-covered altar of Uskayaw.
 56748 | D:13     | Found Qoytezubi's Jewellery Shop.
 58213 | D:14     | Identified the +8 shortbow of Infinity {antimagic, Str+3}
 59741 | D:14     | Identified the +10 flail "Kauq" {drain, Int+3 Dex-2 SInv}
 59767 | D:14     | Identified the +5 quarterstaff "Xiekhl Eqiupp" {drain,
                  | Str+7}
 60493 | D:14     | Found a gate to the Vaults.
 60866 | D:14     | Found a gate to the Vaults.
 61196 | D:15     | Entered Level 15 of the Dungeon
 61935 | D:15     | Found a staircase to the Depths.
 61994 | D:15     | Identified the +8 sling "Ixtifrar" {antimagic, Fly rN+}
 62142 | D:15     | Noticed Jorgrun
 62146 | D:15     | Killed Jorgrun
 62147 | D:15     | Reached skill level 12 in Fire Magic
 62733 | D:15     | Found a shimmering altar of Xom.
 62784 | D:15     | Found an iron altar of Okawaru.
 63451 | Lair:5   | Killed t4s4d4r's ghost
 63452 | Lair:5   | Reached XP level 17. HP: 109/111 MP: 26/32
 63592 | Shoals:1 | Entered Level 1 of the Shoals
 66781 | Shoals:3 | Noticed Kirke
 66785 | Shoals:3 | Killed Kirke
 67734 | Shoals:3 | Noticed Aizul
 67755 | Shoals:3 | Killed Aizul
 68551 | Shoals:4 | Entered Level 4 of the Shoals
 68904 | Shoals:4 | Reached XP level 18. HP: 114/119 MP: 18/34
 69884 | Shoals:3 | HP: 2/119 [sea snake (16)]
 70053 | Spider:1 | Entered Level 1 of the Spider Nest
 70531 | Spider:1 | Identified the +2 hand axe of Peril {heavy, rF- Will+
                  | rCorr}
 70758 | Spider:1 | Acquired 763 gold pieces
 70986 | D:1      | Bought a scroll of blinking for 105 gold pieces
 70986 | D:1      | Bought a scroll of silence for 133 gold pieces
 70986 | D:1      | Bought a scroll of poison for 56 gold pieces
 71491 | Spider:1 | Reached skill level 13 in Fire Magic
 73646 | Spider:3 | Reached skill level 10 in Fighting
 74220 | Spider:3 | Noticed Arachne
 74228 | Spider:3 | Killed Arachne
 75786 | Spider:4 | Entered Level 4 of the Spider Nest
 75955 | Spider:3 | Learned a level 4 spell: Iskenderun's Mystic Blast
 77489 | Spider:4 | Noticed Donald
 77495 | Spider:4 | Killed Donald
 77496 | Spider:4 | Reached skill level 1 in Translocations
 77921 | Spider:4 | Reached XP level 19. HP: 127/127 MP: 13/36
 79730 | Spider:4 | Got a gossamer rune of Zot
 80282 | Shoals:3 | Reached skill level 10 in Dodging
 80346 | Shoals:4 | Identified the staff of the Bright God {rPois Dex+6 Poison}
 80460 | Shoals:4 | Reached skill level 10 in Shields
 81699 | Shoals:4 | Found a white marble altar of Elyvilon.
 81737 | Shoals:4 | Found a glowing silver altar of Zin.
 81750 | Shoals:4 | Identified the +2 dagger "Trog's Brutal Revenge" {heavy,
                  | rF+ Str+8}
 81754 | Shoals:4 | Got a barnacled rune of Zot
 81917 | Shoals:4 | Found a glowing golden altar of the Shining One.
 81999 | Shoals:4 | Reached skill level 14 in Fire Magic
 82688 | Elf:1    | Entered Level 1 of the Elven Halls
 82695 | Elf:1    | Learned a level 5 spell: Yara's Violent Unravelling
 84802 | Elf:2    | Found a portal to a secret trove of treasure.
 84918 | Elf:2    | Reached XP level 20. HP: 119/135 MP: 16/38
 85042 | Elf:2    | Found a runed translucent gate.
 85043 | Elf:2    | Found a runed translucent gate.
 85043 | Elf:2    | Found a runed translucent gate.
 86061 | Elf:2    | Reached skill level 5 in Hexes
 87535 | Elf:2    | Found a portal to a secret trove of treasure.
 87620 | Elf:3    | Entered Level 3 of the Elven Halls
 87620 | Elf:3    | Found Genexuar's General Store.
 87651 | Elf:3    | Bought a scroll of immolation for 64 gold pieces
 87651 | Elf:3    | Bought a scroll of poison for 64 gold pieces
 87699 | Elf:3    | Identified the +6 sling of Vaalebbi {heavy, rElec rC+
                  | Str-4}
 88146 | Elf:3    | Reached skill level 15 in Fire Magic
 88149 | Elf:3    | Reached skill level 15 in Air Magic
 88162 | Elf:3    | Reached skill level 5 in Translocations
 89386 | Elf:3    | Reached skill level 15 in Spellcasting
 91463 | Elf:3    | Identified the +3 falchion of Ozyveid {spect, *Rage rF+
                  | Str+4 Dex+8}
 91466 | Elf:3    | Identified the +1 helmet "Athroklis" {rF++ Str-4 Dex+3
                  | Stlth+}
 91501 | Elf:3    | Learned a level 2 spell: Blink
 91725 | Elf:3    | Identified the +6 morningstar "Fast" {elec, rPois Will+
                  | Dex+5}
 92240 | Vaults:1 | Entered Level 1 of the Vaults
 92243 | Vaults:1 | Reached XP level 21. HP: 72/142 MP: 40/40
 92897 | Vaults:1 | Learned a level 8 spell: Ignition
 93464 | Vaults:1 | Reached skill level 16 in Fire Magic
 93523 | Vaults:1 | Noticed Nikola
 94000 | Vaults:1 | Killed Nikola
 94846 | Vaults:2 | Identified the +4 flail "Peliom" {pain, rF+ Will+ Int+3}
 95098 | Vaults:2 | Found the +3 robe of Clouds {*Thunder rCloud rElec}
 95686 | Vaults:2 | Found a staircase to the Crypt.
 95686 | Vaults:2 | Found an ancient bone altar of Kikubaaqudgha.
 95687 | Vaults:2 | Found a basalt altar of Yredelemnul.
 96000 | Vaults:2 | Found Naihir's Antique Weapon Shoppe.
 96412 | Vaults:3 | Reached skill level 17 in Fire Magic
 97231 | Vaults:3 | Reached XP level 22. HP: 148/148 MP: 42/42
 98811 | Vaults:4 | Identified the +5 rapier of Jiurock {elec, rPois rC+ Str+6
                  | Stlth-}
 98827 | Vaults:4 | Identified the +0 broad axe of the Aged Planets {heavy,
                  | Str+2}
100268 | Depths:1 | Entered Level 1 of the Depths
100526 | Depths:1 | Reached skill level 18 in Fire Magic
101262 | Depths:1 | Found a one-way gate to the infinite horrors of the Abyss.
101304 | Depths:1 | Found an ancient bone altar of Kikubaaqudgha.
101665 | D:3      | Bought the +2 leather armour of Dice, Bag, and Bottle {rF+
                  | rN+ Regen+} for 3020 gold pieces
101988 | Elf:2    | You paid a toll of the leather armour of Dice, Bag, and
                  | Bottle to enter a treasure trove
101989 | Trove    | Entered a treasure trove
102130 | Trove    | Identified the ring "Neakk" {rPois rC+}
102135 | Trove    | Identified the ring "Qoxkafyu" {Ice Str+5}
102140 | Trove    | Identified the ring "Pawext" {*Slow rC+ Will++ Str+3
                  | Slay+2}
102147 | Trove    | Identified the amulet "Ashiv" {Reflect Rampage rC+ SH+5}
102149 | Trove    | Identified the +0 buckler "Guilicuh" {rF+ rN+ Int-2 Dex+3}
102152 | Trove    | Identified the +2 hat of the Red Skies {rCorr Dex+3 Slay+2}
102160 | Trove    | Identified the ring "Jeovedykesk" {Fly Will+ Str+3 Dex-2
                  | Stlth+}
102170 | Trove    | Identified the ring of the Grey Skies {rN+ EV+5 Str+2}
102175 | Trove    | Identified the ring "Huapnom" {rN++ Int+3 SInv}
102750 | Depths:1 | Identified the +7 demon blade of Keruexta {venom, Will+
                  | MP+9 Str+3}
102980 | Depths:1 | Found a gateway to Hell.
102993 | Depths:1 | Identified the +5 demon blade of Xyuck {venom, *Corrode
                  | Int+3 Dex+5}
103348 | Depths:1 | Found Liti Vaiti's Assorted Antiques.
103348 | Depths:1 | Found Hodisim's Assorted Antiques.
103897 | Depths:2 | Noticed Bai Suzhen
104480 | Depths:2 | Killed Bai Suzhen
104481 | Depths:2 | Reached XP level 23. HP: 156/156 MP: 38/44
104714 | Depths:2 | Found a one-way gate leading to the halls of Pandemonium.
105249 | Depths:2 | Found a one-way gateway to a ziggurat.
105548 | Depths:2 | Reached skill level 19 in Fire Magic
105781 | Depths:3 | Identified the +11 rapier "Oxienyng" {speed, rElec Int+4}
105934 | Depths:3 | Found a basalt altar of Yredelemnul.
106436 | Depths:2 | Found the +7 lajatang of Order {silver, rMut}
107777 | Depths:4 | Entered Level 4 of the Depths
108433 | Depths:4 | Noticed a golden dragon
108539 | Depths:4 | Reached skill level 20 in Fire Magic
108666 | Depths:4 | Reached skill level 1 in Invocations
109226 | Depths:4 | Found a runed translucent door.
109226 | Depths:4 | Found a runed translucent door.
109242 | Depths:4 | Found a shadowy altar of Dithmenos.
109639 | Depths:4 | a black draconian knight changed into a golden dragon
109639 | Depths:4 | Noticed a golden dragon
109658 | Depths:4 | Killed a golden dragon
110390 | Depths:4 | Reached skill level 1 in Throwing
110473 | Depths:4 | Reached XP level 24. HP: 168/168 MP: 44/44
110718 | Depths:4 | Found a runed translucent door.
110746 | Depths:4 | Found a runed translucent door.
110848 | Depths:4 | Found a runed translucent door.
110851 | Depths:4 | Found a runed translucent door.
110967 | Depths:4 | Found a gate to the Realm of Zot.
111347 | Depths:4 | Found a runed translucent door.
111355 | Depths:4 | Found a runed translucent door.
111480 | Depths:4 | Found a shadowy altar of Dithmenos.
111882 | Depths:4 | Found a gate to the Realm of Zot.
111958 | Depths:4 | Learned a level 5 spell: Lee's Rapid Deconstruction
111963 | Depths:4 | Learned a level 4 spell: Dispel Undead
112221 | Crypt:1  | Entered Level 1 of the Crypt
112221 | Crypt:1  | Noticed Boris
112227 | Crypt:1  | Killed Boris
112314 | Crypt:1  | Reached skill level 15 in Fighting
112323 | Crypt:1  | Reached skill level 1 in Earth Magic
112359 | Crypt:1  | Identified the ring of the Dolphin {Ice Dex+3}
112359 | Crypt:1  | Noticed Josephina
112362 | Crypt:1  | Killed Josephina
112849 | Crypt:1  | Identified the +4 hand axe "Xepror" {elec, Fly rPois Str+3}
113728 | Crypt:2  | Noticed Boris
113731 | Crypt:2  | Killed Boris
114880 | Crypt:3  | Entered Level 3 of the Crypt
115029 | Crypt:3  | Noticed a dread lich
116319 | Crypt:3  | Reached skill level 5 in Throwing
116908 | Crypt:3  | Killed a dread lich
116909 | Crypt:3  | Reached skill level 10 in Necromancy
117396 | Crypt:3  | Found a staircase to the Tomb.
118029 | Crypt:3  | Reached skill level 5 in Earth Magic
118216 | Crypt:3  | Reached XP level 25. HP: 177/177 MP: 44/44
118260 | Crypt:3  | Found an ancient bone altar of Kikubaaqudgha.
119199 | Depths:1 | Bought a lead wand for 120 gold pieces
119401 | Vaults:5 | Entered Level 5 of the Vaults
119411 | Vaults:5 | Noticed Xtahua
119857 | Slime:1  | Entered Level 1 of the Pits of Slime
122072 | Slime:3  | Reached skill level 10 in Earth Magic
122363 | Slime:4  | Gained mutation: [You are dopey. (Int -2)] [a shining eye]
122536 | Slime:4  | Reached skill level 10 in Evocations
122587 | Slime:4  | Reached skill level 5 in Invocations
123400 | Slime:5  | Entered Level 5 of the Pits of Slime
123598 | Slime:5  | Noticed the Royal Jelly
123737 | Slime:5  | the Royal Jelly changed into a shard shrike shaped Royal
                  | Jelly
123737 | Slime:5  | Noticed a shard shrike shaped Royal Jelly
123738 | Slime:5  | Killed a shard shrike shaped Royal Jelly
124296 | Slime:5  | Reached XP level 26. HP: 187/187 MP: 39/44
125190 | Slime:5  | Got a slimy rune of Zot
125195 | Slime:5  | Found the +9 sword of Zonguldrok {reap}
125213 | Slime:5  | Identified the ring "Tesidu Heva" {rN+ Str+2 Dex+6}
125241 | Slime:5  | Got an antique book
125309 | Slime:5  | Identified the +2 trident "Peaquep" {flame, rC+ Dex-5
                  | Stlth+}
125711 | Slime:5  | Learned a level 2 spell: Passwall
126054 | Depths:1 | Voluntarily entered the Abyss.
126056 | Abyss:1  | Found a corrupted altar of Lugonu.
126076 | Abyss:2  | Found a corrupted altar of Lugonu.
126477 | Abyss:5  | Got an abyssal rune of Zot
126487 | Abyss:5  | Killed from afar by a wretched star

Illustrated notes

Levels and vault maps discovered:
D:1:      lightli_arrival_isolated_outpost, layout_loops_corners, serial_shops,
          shop, nrook_mini_backslash, chequers_mini_garden
D:2:      layout_loops_ring, minmay_misc_feat_roman
D:3:      layout_rooms, nicolae_gozag_zags_fifth_avenue,
          hellmonk_ecumenical_altar_run_dry, portal_sewer_entry_a,
          minmay_splitting_lines, uniq_grinder
D:4:      layout_loops_ring, hangedman_feature_mirror, uniq_sigmund,
          uniq_duvessa
D:5:      layout_basic
D:6:      nicolae_cairo_tiling_large, layout_gridville, minmay_temple_entry_tees
D:7:      layout_layer_cave, uniq_joseph
D:8:      layout_loops_cross, erik_lair_orcish_takeover, grunt_ministairs_3
D:9:      layout_loops_ring, mainiacjoe_overflow_brackets, jmf_multi_god_temple,
          enter_bailey_3
D:10:     layout_stronghold, serial_shops, shop, nicolae_stop_n_shop_2,
          minmay_chambers_of_fives
D:11:     lemuel_ice_spiral_2, layout_irregular_city
D:12:     cheibrodos_ideogram_h, layout_stronghold, orc_0_dummy,
          minmay_misc_feat_rows
D:13:     layout_loops_ring, serial_shops, nicolae_shop_peninsula,
          eat_drink_and_be_merry_uskayaw
D:14:     layout_irregular_city, grunt_vaults_entry_tiered, minivault_23
D:15:     grunt_enter_depths_giant_problem, layout_gridville,
          hellmonk_okawaru_the_only_friend_you_need, st_stairs_5, tgw_xom,
          uniq_jorgrun
Temple:   regret_index_temple_mists
Lair:1:   layout_regular_city, grunt_megastairs_3
Lair:2:   layout_regular_city, minmay_shoals_entry_beasts,
          hellmonk_spider_entry_not_the_bees, serial_bayou_shore_b,
          grunt_megastairs_1, uniq_sonja
Lair:3:   layout_misc_corridors, roderic_batcave, minmay_lair_oklob_items,
          kennysheep_abandoned_house
Lair:4:   layout_regular_city, slime_entry_1, fungi_pond_lemuel,
          nicolae_quartered_pool_impasse, serial_bayou_shore_a, uniq_nessos
Lair:5:   minmay_lair_end_frog_pond, layout_loops_ring,
          ebering_ghost_reflecting_pool
Shoals:1: layout_shoals, nicolae_shoals_the_drawing_of_the_three
Shoals:2: layout_shoals
Shoals:3: layout_shoals, uniq_kirke, uniq_aizul
Shoals:4: shoals_end_hellmonk_holy_island
Spider:1: layout_spider_delve
Spider:2: layout_chambers
Spider:3: layout_spider_delve, uniq_arachne
Spider:4: grunt_spider_rune_circles, hangedman_spider_mandibles, uniq_donald
Slime:1:  layout_caves, nicolae_slime_phagocytosis
Slime:2:  cheibrodos_slime_lost_civilization_9, layout_caves,
          nicolae_slime_welcoming_committee
Slime:3:  layout_caves
Slime:4:  layout_caves
Slime:5:  slime_pit_nicolae_amoeboid
Orc:1:    layout_caves, uniq_erolcha
Orc:2:    pubby_orc_utopia, serial_shops
Elf:1:    layout_gridlike, hangedman_elven_crosses_minicolossus,
          nicolae_twisty_statue_hallways, roderic_lattice_octagonal_star
Elf:2:    nicolae_elf_blades_crystal_corner, layout_gridlike,
          nicolae_trove_entry_columns, nicolae_elf_v_pinch
Elf:3:    minmay_elf_hall_four_x, layout_onion_city, serial_shops, shop
Vaults:1: nicolae_vaults_little_squares_1, nicolae_vaults_network_square,
          nicolae_vaults_angled_halls, vaults_room_door_ring,
          nicolae_vaults_triangles, serial_ice_g,
          nicolae_vaults_variable_pillar_hall, nicolae_vaults_yaktaur_gun_rack,
          nicolae_vaults_tetromino_Z_2, nicolae_vaults_apartment_2,
          hangedman_vaults_corner_blocks, v_misc_30, hangedman_vaults_slice,
          nicolae_vaults_tetromino_Z_2, v_misc_30, st_cross,
          vaults_room_door_ring, layout_vaults_omnibox, uniq_nikola
Vaults:2: minmay_crypt_entry_necro_gods, vaults_room_fancy_cross,
          nicolae_vaults_little_squares_5, nicolae_vaults_asterisk,
          nicolae_vaults_apartment_2, nicolae_vaults_sesquioval_fish,
          nicolae_vaults_storage_closets_2, special_room_vaults
          [special_room_orc], nicolae_vaults_house_2,
          nicolae_vaults_circle_grid_a, nicolae_vaults_asterisk,
          nicolae_vaults_double_plus_2, nicolae_vaults_house_1,
          layout_vaults_omnigrid, serial_shops, nicolae_shop_scrapyard
Vaults:3: nicolae_vaults_more_shelving_1, nicolae_vaults_six-pack, v_rooms_1,
          ontoclasm_vaults_pinch, v_misc_4, grunt_vaults_trifunnel,
          nicolae_vaults_asterisk, hangedman_vaults_capsules,
          nicolae_vaults_cochlea, nicolae_vaults_double_plus_2,
          ontoclasm_vaults_twist, layout_vaults_chaotic_city
Vaults:4: nicolae_vaults_weapon_check, v_misc_17, grunt_vaults_twisty,
          nicolae_vaults_diagonal_hallway_8, v_misc_14,
          nicolae_vaults_c_with_doors, nicolae_vaults_asterisk,
          nicolae_vaults_hallways_thing, grunt_vaults_hallway_long,
          layout_vaults_omnicross
Vaults:5: serial_shops, uniq_xtahua
Crypt:1:  layout_misc_corridors, hex_large, grunt_megastairs_2,
          grunt_crypt_arrival_split, uniq_josephina, uniq_boris
Crypt:2:  layout_gridlike
Crypt:3:  church_of_pain_bobbens, layout_chaotic_city,
          tomb_entry_simple_bobbens, serial_sigils,
          serial_sigils_hangedman_etch, serial_sigils_hangedman_snap,
          serial_sigils_hangedman_scratch, serial_sigils_hangedman_gnaw,
          serial_sigils_hangedman_gut
Depths:1: layout_gridville, hellmouth_2, abyss_entry_small_statue_room,
          chequers_serial_rivers_micro_c, dk_noncrumbling_2,
          kennysheep_vampire_church, minmay_shoptagon
Depths:2: minmay_ornate_pinched, layout_honeycomb, enter_ziggurat_e,
          minmay_misc_feat_four_crosses, grunt_pan_entry_spiral,
          pf_hell_entry_great_geh, firewood_loft,
          minmay_staircase_windowed_large, uniq_bai_suzhen
Depths:3: minmay_distorted_concentric_squares, layout_basic,
          rand_demon_pan_entry_9, hell_entry, abyss_entry,
          nicolae_yredelemnul_corpse_copse
Depths:4: evilmike_zot_entry_castle, layout_cave_shapes, hell_entry,
          nicolae_dithmenos_shadow_blocks, grunt_ministairs_3,
          hangedman_decor_opposing
Abyss:5:  base: D:12, minivault_19, hangedman_abyss_or_decor_jellyfish_corner,
          hangedman_abyss_or_decor_passed, bh_abyss_negative,
          nicolae_abyss_rune_star_stuff

Skill      XL: |  1  2  3  4  5  6  7  8  9 10 11 12 13 14 15 16 17 18 19 20 21 22 23 24 25 26 |
---------------+-------------------------------------------------------------------------------+-----
Stealth        | 2 |  2.0
Spellcasting   | 2 3 4 5 7 8 9 11 12 13 14 15 16 17 | 17.0
Summonings     | 2 3 4 |  4.0
Hexes          | 2 3 4 5 |  5.0
Polearms       | 4 |  4.0
Fire Magic     | 4 5 6 7 9 10 11 12 13 14 15 17 18 20 | 20.0
Conjurations   | 2 4 6 8 9 10 11 12 | 12.0
Transmutations | 2 4 6 8 9 10 11 12 | 12.0
Evocations     | 1 3 4 6 7 8 9 11 12 | 12.3
Air Magic      | 4 7 9 10 11 12 13 14 15 16 17 | 17.0
Shields        | 2 4 5 6 7 8 9 10 11 12 14 | 14.1
Fighting       | 5 6 7 8 9 10 11 12 14 15 17 | 17.0
Dodging        | 2 5 6 7 8 9 10 11 | 11.0
Necromancy     | 3 5 6 7 8 9 10 | 10.0
Translocations | 1 3 5 7 |  7.0
Invocations    | 3 7 8 |  8.7
Throwing       | 1 6 |  6.0
Earth Magic    | 5 10 | 10.0

Action                     |  1- 3 |  4- 6 |  7- 9 | 10-12 | 13-15 | 16-18 | 19-21 | 22-24 | 25-27 || total
---------------------------+-------+-------+-------+-------+-------+-------+-------+-------+-------++-------
  Melee: Spear             |    73 |    36 |    24 |    72 |       |       |       |       |       ||   205
         Constrict         |    14 |     8 |     4 |    19 |    16 |     2 |     1 |     2 |     1 ||    67
         Tentacles         |    12 |     2 |     4 |    24 |    15 |     1 |     3 |     2 |     3 ||    66
         Staff             |       |       |       |       |    52 |     6 |       |     5 |     7 ||    70
         Punch             |       |       |       |       |     1 |       |     1 |       |       ||     2
         War axe           |       |       |       |       |       |       |    11 |       |       ||    11
  Throw: Stone             |     2 |     1 |       |     2 |       |       |       |       |       ||     5
         Dart              |       |       |       |    10 |       |       |       |       |       ||    10
         Throwing net      |       |       |       |     1 |       |       |       |       |       ||     1
   Cast: Scorch            |     9 |    61 |   159 |   249 |    18 |       |       |       |       ||   496
         Summon Guardian G |       |     1 |     2 |    11 |       |     1 |       |       |       ||    15
         Sticky Flame      |       |       |     7 |    41 |     7 |       |       |       |       ||    55
         Irradiate         |       |       |     1 |    16 |    35 |    10 |    36 |    29 |    11 ||   138
         Inner Flame       |       |       |       |    28 |       |       |       |       |       ||    28
         Arcjolt           |       |       |       |    23 |   113 |    29 |    37 |     2 |     4 ||   208
         Plasma Beam       |       |       |       |       |   263 |   507 |   523 |   646 |   186 ||  2125
         Sublimation of Bl |       |       |       |       |       |   149 |   106 |   132 |    61 ||   448
         Iskenderun's Myst |       |       |       |       |       |       |     4 |     2 |     4 ||    10
         Ignition          |       |       |       |       |       |       |     2 |     8 |    44 ||    54
         Blink             |       |       |       |       |       |       |       |     1 |     1 ||     2
         Dispel Undead     |       |       |       |       |       |       |       |    11 |       ||    11
         Lee's Rapid Decon |       |       |       |       |       |       |       |     4 |     1 ||     5
         Passwall          |       |       |       |       |       |       |       |       |     6 ||     6
 Invoke: Foxfire Swarm     |       |     1 |       |     1 |       |       |       |       |       ||     2
         Rising Flame      |       |       |       |       |     1 |       |       |       |       ||     1
  Evoke: Wand              |       |       |     9 |    15 |       |     6 |    13 |     2 |     2 ||    47
         Phial of floods   |       |       |       |       |       |       |     2 |       |       ||     2
         Sack of spiders   |       |       |       |       |       |       |     1 |       |       ||     1
    Use: Scroll            |     1 |     3 |     5 |    16 |     9 |    10 |    14 |     3 |     7 ||    68
         Potion            |       |       |       |     3 |     4 |     6 |    15 |       |     1 ||    29
   Stab: Sleeping          |     5 |     3 |       |     1 |     1 |       |       |       |       ||    10
         Invisible         |       |       |     1 |     1 |       |       |       |       |       ||     2
 Armour: Skin              |    14 |    28 |    69 |   152 |   199 |    89 |   129 |   128 |    41 ||   849
  Dodge: Dodged            |    28 |    11 |    53 |   114 |   132 |    43 |    70 |    46 |    12 ||   509
  Block: Buckler           |       |       |       |     5 |    51 |       |       |       |       ||    56
         Kite shield       |       |       |       |       |    21 |    89 |   130 |    83 |    46 ||   369

Table legend: (Time is in decaauts)
 A = Elapsed time spent in this place.
 B = Non-inter-level travel time spent in this place.
 C = Inter-level travel time spent in this place.
 D = Time resting spent in this place.
 E = Time spent auto-exploring this place.
 F = Levels seen in this place.
 G = Mean time per level.
                   A        B        C        D        E       F      G
               +--------+--------+--------+--------+--------+-----+--------+
         Total | 126613 | 118182 |   8431 |  40309 |  65952 |  59 | 2146.0 |
       Dungeon |  37709 |  34041 |   3668 |  10966 |  19772 |  15 | 2513.9 |
        Temple |    263 |    263 |      0 |    100 |    150 |   1 |  263.0 |
          Lair |  19400 |  18540 |    860 |   7551 |   9583 |   5 | 3880.0 |
        Shoals |   8597 |   8144 |    453 |   2050 |   5423 |   4 | 2149.2 |
   Spider Nest |   9618 |   9224 |    394 |   5257 |   3360 |   4 | 2404.5 |
    Slime Pits |   5925 |   5664 |    261 |   1885 |   3135 |   5 | 1185.0 |
  Orcish Mines |   6873 |   6312 |    561 |    980 |   4522 |   2 | 3436.5 |
   Elven Halls |   9386 |   9077 |    309 |   3780 |   4322 |   3 | 3128.7 |
        Vaults |   8329 |   7556 |    773 |    966 |   5774 |   5 | 1665.8 |
         Crypt |   6835 |   6580 |    255 |   2647 |   3294 |   3 | 2278.3 |
        Depths |  10532 |   9638 |    894 |   2436 |   6109 |   4 | 2633.0 |
         Abyss |    431 |    431 |      0 |     97 |     69 |   5 |   86.2 |
         Trove |    298 |    298 |      0 |      0 |    144 |   1 |  298.0 |
         Sewer |    331 |    331 |      0 |    102 |    170 |   1 |  331.0 |
        Bailey |   2079 |   2079 |      0 |   1491 |    125 |   1 | 2079.0 |
               +--------+--------+--------+--------+--------+-----+--------+

Top non-repeatable levels by time:
   Orc:2: 5896 daAuts
    D:12: 5338 daAuts
  Lair:4: 4638 daAuts
  Lair:1: 4531 daAuts
   Elf:3: 4393 daAuts
  Lair:2: 4224 daAuts
    D:14: 4193 daAuts
  Lair:5: 4095 daAuts
Spider:4: 4086 daAuts
Shoals:3: 3665 daAuts
 Crypt:3: 3664 daAuts
     D:8: 3260 daAuts
Depths:4: 3248 daAuts
   Elf:2: 2895 daAuts
    D:13: 2859 daAuts
